 Dungeon Crawl Stone Soup version 0.17-a0-1731-g129c023 (webtiles) character file.

196 kosy22 the Ducker (level 5, -2/52 HPs)
             Began as a Troll Fighter on Aug 29, 2015.
             Slain by Sigmund
             ... wielding a +0 scythe
              (7 damage)
             ... on level 3 of the Dungeon.
             The game lasted 00:12:10 (4063 turns).

kosy22 the Ducker (Troll Fighter)                   Turns: 4063, Time: 00:12:10

Health: -2/52      AC:  7    Str: 25    XL:     5   Next: 45%
Magic:  4/4        EV:  8    Int:  6    God:
Gold:   158        SH:  9    Dex:  9    Spells: 0 memorised, 4 levels left

rFire  . . .     SeeInvis .     s - +2 hand axe (elec)
rCold  . . .     Clarity  .     b - +0 robe
rNeg   . . .     SustAt   +     c - +0 shield
rPois  +         Gourm    +     (helmet restricted)
rElec  .         Spirit   .     (no cloak)
rCorr  .         Warding  .     (gloves unavailable)
rMut   .         Stasis   .     (boots unavailable)
MR     .....                    (no amulet)
Stlth  +.........               k - ring of sustain attributes
                                u - ring of poison resistance

@: not resistant to hostile enchantments, very unstealthy
A: unfitting armour, claws 3, thin metallic scales 1, clever 1, fast metabolism
3, gourmand, regeneration 2, shaggy fur 1, tough skin 2
a: no special abilities


You were on level 3 of the Dungeon.
You were very full.

You visited 1 branch of the dungeon, and saw 3 of its levels.

You collected 158 gold pieces.

Inventory:

Hand weapons
 a - a +0 rapier
 s - a +2 hand axe of electrocution (weapon)
 t - a cursed -1 trident
 B - a cursed -3 whip
 C - a cursed -3 flail
 D - a cursed -3 spear
 E - a +0 spear
Missiles
 z - 25 stones (quivered)
Armour
 b - a +0 robe (worn)
 c - a +0 shield (worn)
Jewellery
 k - a ring of sustain attributes (right claw)
 l - an uncursed ring of stealth
 r - an uncursed ring of protection from fire
 u - a ring of poison resistance (left claw)
Magical devices
 w - a wand of enslavement (17)
Scrolls
 d - a scroll of noise {unknown}
 e - a scroll of amnesia {unknown}
 g - 3 scrolls of teleportation {unknown}
 i - a scroll of remove curse {unknown}
 n - a scroll of enchant weapon {unknown}
 o - a scroll of identify {unknown}
 q - a scroll of fear {unknown}
 y - a scroll of recharging {unknown}
Potions
 f - a potion of magic {unknown}
 h - 2 potions of heal wounds
 j - a potion of resistance {unknown}
 p - a potion of agility {unknown}
 x - 2 potions of lignification {unknown}
Comestibles
 m - a slice of pizza
 v - a fruit
 A - a chunk of flesh


   Skills:
 + Level 2.8 Fighting
 + Level 2.3 Short Blades
 + Level 0.7 Axes
 + Level 3.6 Dodging
 + Level 0.4 Stealth
 + Level 3.2 Shields


You had 4 spell levels left.
You didn't know any spells.

Dungeon Overview and Level Annotations

Branches:
Dungeon (3/15)

Altars:
Nemelex Xobeh
Yredelemnul

Annotations:
D:3 Sigmund


Innate Abilities, Weirdness & Mutations

You are too large for most types of armour.
You have claws for hands.
Your metabolism is lightning-fast.
You like to eat raw meat.
You heal very quickly.
You are covered in fur (AC +1).
You have very tough skin (AC +2).
You are partially covered in thin metallic scales (AC +2).
Your mind is acute. (Int +2)


Message History

You closely miss something.
You hear a zap.
A puff of frost appears from out of thin air!
You block the puff of frost.
You hear a zap.
A puff of frost appears from out of thin air!
The puff of frost hits you!
You closely miss something. Something hits you!
* * * LOW HITPOINT WARNING * * *
You barely miss something.
You hear a zap.
A puff of frost appears from out of thin air!
The puff of frost misses you.
You closely miss something.
You hear a zap.
A puff of frost appears from out of thin air!
The puff of frost hits you!
* * * LOW HITPOINT WARNING * * *
You hit something.
There is a sudden explosion of sparks!
Something hits you!
You die...

## #........# #
#........# # ##########
#........# # .........#
#........# .........#
#........# .....<...#
##.####### .........#
#.# .........# #.#
......{@.# #.#
.........# #.# ###
.......†.####.# ...
.......)......# ...
.........###### ...
.........# ...
......[..# ...
.........# ...
.........###############


There were no monsters in sight!

Vanquished Creatures
  Terence (D:2)
  5 gnolls (D:3)
  5 adders
  An ooze (D:2)
  2 worms (D:3)
  A giant gecko (D:1)
  An orc (D:3)
  11 goblins
  5 hobgoblins
  8 jackals
  A quokka (D:2)
  4 bats
  4 giant cockroaches
  A giant newt (D:1)
  8 kobolds
  7 rats
  A spectral orc (D:3)
66 creatures vanquished.

Notes
Turn   | Place    | Note
--------------------------------------------------------------
     0 | D:1      | kosy22 the Troll Fighter began the quest for the Orb.
     0 | D:1      | Reached XP level 1. HP: 22/22 MP: 0/0
   256 | D:1      | Reached XP level 2. HP: 22/29 MP: 1/1
  1510 | D:2      | Reached XP level 3. HP: 36/36 MP: 2/2
  1565 | D:2      | Noticed Terence
  1584 | D:2      | Killed Terence
  1584 | D:2      | Reached skill level 3 in Dodging
  1608 | D:2      | Reached XP level 4. HP: 15/44 MP: 3/3
  2207 | D:2      | Gained mutation: You are partially covered in thin metallic scales (AC +2). [potion of mutation]
  2207 | D:2      | Gained mutation: Your mind is acute. (Int +2) [potion of mutation]
  2527 | D:2      | Found a sparkling altar of Nemelex Xobeh.
  3474 | D:3      | Found a basalt altar of Yredelemnul.
  3812 | D:3      | Reached XP level 5. HP: 50/50 MP: 4/4
  4043 | D:3      | Noticed Sigmund
  4063 | D:3      | Slain by Sigmund

Vault maps used:
D:1:      evilmike_arrival_home_sweet_home
D:2:      nicolae_overflow_hidden_temple, uniq_terence
D:3:      yredelemnul_forgotten_temple_becter, minivault_11, uniq_sigmund

Action                   |  1- 3 |  4- 6 || total
-------------------------+-------+-------++-------
Melee: Rapier            |   137 |     5 ||   142
       Hand axe          |       |    92 ||    92
  Use: Potion            |     1 |     2 ||     3
 Stab: Sleeping          |       |     1 ||     1
  Eat: Bread ration      |     3 |       ||     3
       Chunk             |     1 |    25 ||    26
       Fruit             |       |     4 ||     4
